 Dungeon Crawl Stone Soup version 0.31.0-32-g396128a36d (webtiles) character file.

Game seed: 9068488067541346330

1175 jagang the Carver (level 8, -3/65 HPs)
             Began as a Human Monk on Mar 23, 2024.
             Was a Believer of the Shining One.
             Slain by a wraith (11 damage)
             ... on level 5 of the Dungeon.
             The game lasted 00:08:11 (4886 turns).

jagang the Carver (Human Monk)                      Turns: 4886, Time: 00:08:12

Health: -3/65      AC: 11    Str: 11    XL:     8   Next: 41%
Magic:  9/9        EV:  2    Int: 10    God:    the Shining One [**....]
Gold:   234        SH:  0    Dex: 19    Spells: 7/7 levels left

rFire   . . .        j - +4 mace
rCold   . . .        (no shield)
rNeg    + . .        k - +0 plate armour
rPois   .            (no helmet)
rElec   .            f - +0 cloak
rCorr   .            (no gloves)
SInv    .            (no boots)
Will    .....        (no amulet) Stlth
                     (no ring)
HPRegen 0.30/turn    (no ring)
MPRegen 0.11/turn

%: no passive effects
@: confused, mighty, ambrosia-drunk, slowed, glowing, very slow
A: explore regen
a: Renounce Religion, Divine Shield


You were on level 5 of the Dungeon.
You worshipped the Shining One.
The Shining One was pleased with you.
You visited 2 branches of the dungeon, and saw 6 of its levels.
You also visited: Sewer.

You collected 234 gold pieces.

Inventory:

Hand Weapons
 j - a +4 mace (weapon)
 r - a +0 rapier
Missiles
 o - 16 poisoned darts (quivered)
Armour
 f - a +0 cloak (worn)
 k - a +0 plate armour (worn)
Jewellery
 e - a +6 ring of intelligence
Wands
 u - a wand of flame (28)
 y - a wand of polymorph (5)
Scrolls
 b - a scroll of immolation {unknown}
 d - a scroll of fear {unknown}
 g - a scroll of silence {unknown}
 h - a scroll of amnesia {unknown}
 i - a scroll of enchant armour {unknown}
 l - 4 scrolls of teleportation
 m - a scroll of poison {unknown}
 n - 2 scrolls of noise {unknown}
 t - 2 scrolls of enchant weapon {unknown}
 v - a scroll of revelation {unknown}
 w - 2 scrolls of identify {unknown}
Potions
 a - 2 potions of might
 c - 2 potions of ambrosia
 p - a potion of haste {unknown}
 q - 2 potions of heal wounds {unknown}
 s - 2 potions of lignification {unknown}
 x - a potion of curing {unknown}
 z - a potion of degeneration {unknown}


   Skills:
 * Level 6.3 Fighting
 * Level 8.0 Long Blades
 - Level 2.0 Throwing
 - Level 3.0 Dodging
 + Level 1.7 Invocations


You had 7 spell levels left.
You didn't know any spells.
Your spell library was empty.

Dungeon Overview and Level Annotations

Branches:
Dungeon (5/15)             Temple (1/1) D:4           Sewer (visited)

Altars:
Cheibriados
Elyvilon
Fedhas
Gozag
Hepliaklqana
Kikubaaqudgha
Makhleb
Qazlal
Ru
Sif Muna
Trog
Uskayaw
Vehumet
Xom
Yredelemnul
Zin
The Shining One

Annotations:
D:5 Saint1's ghost, novice MiFi


Innate Abilities, Weirdness & Mutations

You regain HP and MP as you explore.


Message History

The wraith is moderately damaged.
The wraith hits you! The wraith drains your vigour!
You feel as though you will be slow longer.
The wraith hits you.
You hit the wraith.
The wraith is moderately damaged.
The wraith hits you but does no damage. The wraith hits you.
You hit the wraith.
The wraith is heavily damaged.
The wraith hits you. x2
* * * LOW HITPOINT WARNING * * *
The wraith drains your vigour!
You feel as though you will be slow longer.
You barely miss the wraith.
The wraith is heavily damaged.
The wraith hits you but does no damage. The wraith barely misses you.
You hit the wraith but do no damage.
The wraith is heavily damaged.
The wraith hits you!
* * * LOW HITPOINT WARNING * * *
The wraith completely misses you.
Okay, then.
You hit the wraith but do no damage.
The wraith is heavily damaged.
The wraith hits you.
* * * LOW HITPOINT WARNING * * *
The wraith drains your vigour!
You feel as though you will be slow longer.
The wraith hits you.
* * * LOW HITPOINT WARNING * * *
The wraith drains your vigour!
You feel as though you will be slow longer.
The wraith hits you but does no damage.
It was a potion of might.
You feel very mighty all of a sudden. The wraith hits you.
* * * LOW HITPOINT WARNING * * *
You are confused.
You feel invigorated. The wraith hits you!
You die...

#..# #.##
#.# #.# #.#
#.# #.# ##
#.####...#
#..@W>...#
######((...
###


You could see a wraith.

Vanquished Creatures
  Grinder (D:4)
  A water moccasin (D:5)
  An ogre (D:3)
  2 kobold brigands (Sewer)
  2 brain worms (Sewer)
  A scorpion (D:5)
  A gnoll bouda (D:5)
  3 hounds (D:5)
  Natasha (thrice) (D:2)
  2 orc wizards
  4 gnolls (D:5)
  7 adders
  2 river rats (Sewer)
  5 dart slugs
  12 orcs
  12 ball pythons
  6 bats
  10 endoplasms
  4 giant cockroaches
  2 goblins
  6 hobgoblins
  A jackal (Sewer)
  8 kobolds
  4 quokkas
  6 frilled lizards
  10 rats
116 creatures vanquished.

Notes
Turn   | Place    | Note
-------+----------+-------------------------------------------
     0 | D:1      | jagang the Human Monk began the quest for the Orb.
     0 | D:1      | Reached XP level 1. HP: 18/18 MP: 1/1
   104 | D:1      | Reached XP level 2. HP: 21/24 MP: 2/2
   573 | D:1      | Found a faded altar of an unknown god.
   714 | D:2      | Reached XP level 3. HP: 17/29 MP: 3/3
   787 | D:2      | Reached skill level 4 in Long Blades
   856 | D:2      | Noticed Natasha
   862 | D:2      | Killed Natasha
   863 | D:2      | Reached XP level 4. HP: 4/37 MP: 4/4
   980 | D:2      | Noticed Natasha
   985 | D:2      | Killed Natasha
  1083 | D:2      | Noticed Natasha
  1088 | D:2      | Killed Natasha
  1089 | D:2      | Reached skill level 5 in Long Blades
  1089 | D:2      | Reached XP level 5. HP: 26/42 MP: 5/5
  1337 | D:3      | Found a glowing drain.
  1349 | Sewer    | Entered a sewer
  1365 | Sewer    | Noticed a kobold brigand
  1385 | Sewer    | Killed a kobold brigand
  1421 | Sewer    | Noticed a kobold brigand
  1448 | Sewer    | Killed a kobold brigand
  1449 | Sewer    | Reached XP level 6. HP: 20/49 MP: 6/6
  1681 | Sewer    | Reached skill level 6 in Long Blades
  1958 | Sewer    | Reached skill level 5 in Fighting
  1958 | Sewer    | Reached XP level 7. HP: 30/56 MP: 3/7
  2824 | D:3      | Found a radiant altar of Vehumet.
  3218 | D:4      | Noticed Grinder
  3220 | D:4      | Paralysed by Grinder for 2 turns
  3229 | D:4      | Paralysed by Grinder for 4 turns
  3250 | D:4      | Paralysed by Grinder for 2 turns
  3257 | D:4      | Killed Grinder
  3258 | D:4      | Reached skill level 7 in Long Blades
  3258 | D:4      | Reached skill level 1 in Throwing
  3514 | D:4      | Found an opulent altar of Gozag.
  3629 | D:4      | Found a staircase to the Ecumenical Temple.
  3641 | Temple   | Entered the Ecumenical Temple
  3652 | Temple   | Became a worshipper of the Shining One
  3652 | Temple   | Reached * piety under the Shining One
  3652 | Temple   | Reached ** piety under the Shining One
  4164 | D:5      | Entered Level 5 of the Dungeon
  4173 | D:5      | Reached XP level 8. HP: 63/64 MP: 8/8
  4242 | D:5      | Reached skill level 1 in Invocations
  4312 | D:5      | Noticed Saint1's ghost (novice MiFi)
  4604 | D:5      | Reached skill level 8 in Long Blades
  4783 | D:5      | Found a white marble altar of Elyvilon.
  4866 | D:5      | Noticed a wraith
  4885 | D:5      | HP: 1/65 [wraith (4)]
  4886 | D:5      | Slain by a wraith

Illustrated notes

Levels and vault maps discovered:
D:1:      lemuel_arrival_funnel, layout_basic,
          dilly_ecumenical_altar_fadedgnrine
D:2:      layout_rooms, uniq_natasha
D:3:      layout_loops_cross, lemuel_tele_altar, cheibrodos_sewer_entry_drain,
          hangedman_decor_diamond_cutter, grunt_decor_junction,
          nrook_mini_backslash
D:4:      wad_lake_hut, layout_basic, mainiacjoe_overflow_surrounded_room,
          minmay_temple_entry_junction, uniq_grinder
D:5:      layout_loops_ring, kennysheep_mini, gammafunk_ghost_arena
Temple:   nicolae_temple_superstar

Skill      XL: |  1  2  3  4  5  6  7  8 |
---------------+-------------------------+-----
Long Blades    | 4 5 6 7 8 |  8.0
Fighting       | 4 5 6 |  6.3
Throwing       | 2 |  2.0
Invocations    | 1 |  1.7
Dodging        | |  3.0

Action                     |  1- 3 |  4- 6 |  7- 9 || total
---------------------------+-------+-------+-------++-------
  Melee: Falchion          |    33 |       |       ||    33
         Mace              |    31 |   112 |   181 ||   324
         Punch             |       |       |     2 ||     2
  Throw: Dart              |       |       |    20 ||    20
    Use: Scroll            |       |       |     1 ||     1
         Potion            |       |       |     2 ||     2
 Armour: Ring mail         |    29 |       |       ||    29
         Robe              |     2 |       |       ||     2
         Plate armour      |    70 |   125 |   217 ||   412
  Dodge: Dodged            |    27 |    12 |    22 ||    61
